 Dungeon Crawl Stone Soup version 0.30-a0-122-g2a1322497e (webtiles) character file.

Game seed: 40070495093475977

14613 IdlyInterested the Carver (level 11, -5/90 HPs)
             Began as a Demonspawn Gladiator on Sept 15, 2022.
             Was a Believer of Makhleb.
             Slain by a black mamba (7 damage)
             ... on level 1 of the Lair of Beasts.
             The game lasted 00:40:51 (15322 turns).

IdlyInterested the Carver (Demonspawn Gladiator)   Turns: 15322, Time: 00:40:52

Health: -5/90      AC: 11    Str: 15    XL:     11   Next: 91%
Magic:  12/12      EV:  9    Int: 16    God:    Makhleb [**....]
Gold:   15         SH:  0    Dex: 18    Spells: 10/10 levels left

rFire   + . .      SeeInvis .    J - +3 scimitar
rCold   + . .      Faith    .    M - +0 kite shield
rNeg    . . .      Spirit   .    z - +3 scale mail {rC+}
rPois   .          Reflect  .    (helmet unavailable)
rElec   .          Harm     .    R - +0 cloak
rCorr   .          Rampage  .    (no gloves)
Will    .....                    b - +0 pair of boots
Stlth   ..........               (no amulet)
HPRegen 0.25/turn                l - ring of protection from fire
MPRegen 0.13/turn                q - +6 ring of intelligence

@: confused, lethally poisoned (-5 -> -34), ambrosia-drunk
A: horns 3, large bone plates 2, foul stench 1, powered by pain 2
a: Renounce Religion, Minor Destruction


You were on level 1 of the Lair of Beasts.
You worshipped Makhleb.
Makhleb was pleased with you.
You visited 3 branches of the dungeon, and saw 12 of its levels.

You collected 719 gold pieces.
You spent 704 gold pieces at shops.

Inventory:

Hand Weapons
 n - a +0 rapier
 s - a +1 dagger of venom
 I - a +0 scimitar
 J - a +3 scimitar (weapon)
 Q - a +0 great sword
Missiles
 d - 2 throwing nets
 g - a javelin
 x - 3 boomerangs of dispersal
 y - 12 boomerangs (quivered)
 B - 2 poisoned darts
 G - a curare-tipped dart
 K - 2 silver boomerangs
Armour
 b - a +0 pair of boots (worn)
 e - a +0 robe of positive energy
 j - a +0 buckler
 m - the +1 robe "Fiov" {rC++}
   (You found it on level 3 of the Dungeon)

   rC:        It greatly protects you from cold.
 z - a +3 scale mail of cold resistance (worn)
 M - a +0 kite shield (worn)
 P - a +2 scale mail of fire resistance
 R - a +0 cloak (worn)
Magical Staves
 D - a staff of fire
Jewellery
 l - a ring of protection from fire (left hand)
 q - a +6 ring of intelligence (right hand)
Wands
 a - a wand of paralysis (8)
 c - a wand of roots (10)
 C - a wand of quicksilver (6)
 L - a wand of flame (19)
Scrolls
 i - 4 scrolls of amnesia
 o - 3 scrolls of enchant armour
 p - a scroll of blinking
 v - 2 scrolls of teleportation
 A - 3 scrolls of fog
 H - a scroll of summoning
 S - a scroll of silence {unknown}
Potions
 f - 10 potions of curing
 h - 2 potions of magic
 k - 2 potions of might
 r - a potion of resistance
 t - a potion of haste
 u - a potion of berserk rage
 w - a potion of flight
 E - a potion of cancellation
 F - 2 potions of ambrosia
 N - a potion of mutation {unknown}
 O - 2 potions of heal wounds


   Skills:
 - Level 10.0 Fighting
 * Level 12.7 Long Blades
 - Level 2.0 Throwing
 - Level 2.0 Armour
 - Level 4.0 Dodging
 - Level 2.0 Stealth
 + Level 7.6 Shields
 + Level 1.6 Invocations
 - Level 2.0 Evocations


You had 10 spell levels left.
You didn't know any spells.
Your spell library contained the following spells:

 Spells                   Type           Power      Damage    Failure   Level
 Magic Dart               Conj           0%         1d3       94%         1
 Shock                    Conj/Air       0%         1d3       94%         1
 Searing Ray              Conj           0%         2d4       98%         2
 Dazzling Flash           Conj/Hex       0%         N/A       100%        3
 Swiftness                Air            0%         N/A       100%        3
 Airstrike                Air            0%         2d(0-16)  100%        4
 Fulminant Prism          Conj/Hex       0%         3d6       100%        4
 Iskenderun's Mystic Bla  Conj/Tloc      0%         2d3       100%        4
 Summon Ice Beast         Ice/Summ       0%         N/A       100%        4
 Blade Hands              Tmut           0%         N/A       100%        5
 Irradiate                Conj/Tmut      0%         3d11      100%        5
 Summon Mana Viper        Hex/Summ       0%         N/A       100%        5
 Starburst                Conj/Fire      0%         6d3       100%        6
 Dragon Form              Tmut           0%         N/A       100%        7
 Monstrous Menagerie      Summ           0%         N/A       100%        7


Dungeon Overview and Level Annotations

Branches:
Dungeon (10/15)            Temple (1/1) D:6            Lair (1/5) D:10
    Orc: D:9-12

Altars:
Ashenzari
Cheibriados
Dithmenos
Fedhas
Gozag
Hepliaklqana
Kikubaaqudgha
Makhleb
Nemelex Xobeh
Okawaru
Qazlal
Ru
Sif Muna
Trog
Uskayaw
Vehumet
Wu Jian
Xom
Yredelemnul

Shops:
D:2 !   D:6 *


Innate Abilities, Weirdness & Mutations

You have a pair of large horns on your head.
You are mostly covered in large bone plates. (SH +6)
You may rarely emit foul miasma when damaged in melee.
You sometimes gain power by taking damage.


Message History

The black mamba is heavily wounded.
You feel very sick. You block the black mamba's attack.
You hit the black mamba. You headbutt the black mamba!
The black mamba is almost dead.
You feel very sick. You block the black mamba's attack.
The water moccasin bites you but does no damage.
You block the black mamba's attack.
You barely miss the black mamba.
The black mamba is almost dead.
You feel very sick. The black mamba barely misses you.
You block the water moccasin's attack.
You barely miss the black mamba.
The black mamba is almost dead.
You feel very sick. The black mamba bites you!
* * * LOW HITPOINT WARNING * * *
You are lethally poisoned!
The black mamba poisons you! You block the water moccasin's attack.
The black mamba bites you.
* * * LOW HITPOINT WARNING * * *
You block the water moccasin's attack.
You are confused.
You feel invigorated.
* * * LOW HITPOINT WARNING * * *
You feel very sick. The black mamba bites you.
* * * LOW HITPOINT WARNING * * *
You are more poisoned.
The black mamba poisons you!
The water moccasin bites you but does no damage.
The black mamba barely misses you.
You hit the water moccasin.
Your headbutt misses the water moccasin.
The water moccasin is moderately wounded.
* * * LOW HITPOINT WARNING * * *
You feel extremely sick. The black mamba bites you!
You die...

.P#.#.......#
.Y..........#
...........# #.......#
##.......##
#.........#
##.......##
##S......##
#@S......P#
##.......## #...#...#
#..###..#
.........####..###..#
..........#.....##..#
....................##
.....................#
.........##P#..#.#..##


You could see a black mamba and a water moccasin.

Vanquished Creatures
  3 two-headed ogres
  Pikel (D:4)
  Psyche (D:9)
  A komodo dragon (D:10)
  An unseen horror (D:10)
  A hornet (D:8)
  A jumping spider (D:9)
  A shadow (D:10)
  A wraith (D:10)
  6 wyverns
  33 yaks
  A basilisk (D:10)
  A steam dragon (D:7)
  2 acid dragons
  2 water moccasins
  6 orc warriors
  A black bear (D:5)
  2 ogres
  The ghost of MrFrogsmire the Caller, an amateur MeWn (D:4)
  7 wolves (Lair:1)
  3 centaurs
  A kobold brigand (D:6)
  7 bullfrogs
  2 gnoll sergeants
  2 necrophages
  4 scorpions
  A wyvern skeleton (D:4)
  8 wights
  A water moccasin skeleton (D:4)
  3 killer bees (D:10)
  A troll skeleton (D:9)
  5 spriggan skeletons (D:9)
  2 howler monkeys
  2 centaur zombies (D:4)
  5 hounds
  3 jellies
  7 orc priests
  A gnoll bouda (D:10)
  4 iguanas
  Ijyb (D:5)
  5 orc wizards
  8 adders
  11 gnolls
  A shadow imp (D:6)
  A white imp (D:6)
  An ufetubus (D:6)
  4 worms
  A dart slug (D:3)
  49 orcs
  4 ball pythons
  2 bats
  9 endoplasms
  10 goblins
  6 hobgoblins
  4 jackals (D:2)
  4 quokkas
  3 frilled lizards
  3 kobolds
  4 rats
266 creatures vanquished.

Vanquished Creatures (others)
  An orc (D:7)
  A bush (D:6)
  3 fungi (Lair:1)
  A plant (Lair:1)
6 creatures vanquished.

Grand Total: 272 creatures vanquished

Notes
Turn   | Place    | Note
-------+----------+-------------------------------------------
     0 | D:1      | IdlyInterested the Demonspawn Gladiator began the quest for
                  | the Orb.
     0 | D:1      | Reached XP level 1. HP: 16/16 MP: 1/1
   370 | D:1      | Gained mutation: You are partially covered in large bone
                  | plates. (SH +4) [demonic ancestry]
   370 | D:1      | Reached XP level 2. HP: 22/22 MP: 2/2
   511 | D:1      | Found a faded altar of an unknown god.
  1317 | D:2      | Reached skill level 3 in Long Blades
  1320 | D:2      | Gained mutation: You have a pair of small horns on your
                  | head. [demonic ancestry]
  1320 | D:2      | Reached XP level 3. HP: 23/28 MP: 3/3
  1468 | D:2      | Found Kozeilod's Distillery.
  2483 | D:2      | Bought a potion of heal wounds for 60 gold pieces
  2483 | D:2      | Bought a potion of curing for 36 gold pieces
  2787 | D:3      | Identified the +1 robe "Fiov" {rC++}
  2799 | D:3      | Gained mutation: You have a pair of horns on your head.
                  | [demonic ancestry]
  2799 | D:3      | Reached XP level 4. HP: 34/34 MP: 4/4
  3299 | D:4      | Gained mutation: You are mostly covered in large bone
                  | plates. (SH +6) [demonic ancestry]
  3299 | D:4      | Reached XP level 5. HP: 38/41 MP: 5/5
  3478 | D:4      | Noticed Pikel
  3478 | D:4      | Noticed a lemure
  3478 | D:4      | Noticed a lemure
  3478 | D:4      | Noticed a lemure
  3487 | D:4      | Noticed a lemure
  3501 | D:4      | Killed Pikel
  3502 | D:4      | Reached skill level 5 in Long Blades
  3502 | D:4      | Gained mutation: You sometimes gain a little power by
                  | taking damage. [demonic ancestry]
  3502 | D:4      | Reached XP level 6. HP: 40/49 MP: 6/6
  3502 | D:4      | Gained mutation: You may rarely emit foul miasma when
                  | damaged in melee. [demonic ancestry]
  3502 | D:4      | Reached XP level 7. HP: 45/55 MP: 7/7
  3610 | D:4      | Found a runed translucent gate.
  3610 | D:4      | Found a runed translucent gate.
  3610 | D:4      | Found a runed translucent gate.
  4404 | D:4      | Noticed MrFrogsmire's ghost (amateur MeWn)
  4424 | D:4      | Killed MrFrogsmire's ghost
  4539 | D:4      | Reached skill level 6 in Long Blades
  4817 | D:2      | Bought 2 potions of berserk rage for 120 gold pieces
  4872 | D:5      | Entered Level 5 of the Dungeon
  4894 | D:5      | Reached skill level 5 in Fighting
  4894 | D:5      | Gained mutation: You sometimes gain power by taking damage.
                  | [demonic ancestry]
  4894 | D:5      | Reached XP level 8. HP: 54/62 MP: 8/8
  5269 | D:5      | Noticed Ijyb
  5282 | D:5      | Killed Ijyb
  5680 | D:2      | Bought a potion of curing for 36 gold pieces
  5878 | D:6      | Reached skill level 7 in Long Blades
  6024 | D:6      | Found a staircase to the Ecumenical Temple.
  6045 | Temple   | Entered the Ecumenical Temple
  6358 | D:6      | Found Ezos's Assorted Antiques.
  6367 | D:6      | Bought a murky yellow potion for 28 gold pieces
  6661 | D:6      | Reached skill level 1 in Armour
  7498 | D:6      | Gained mutation: You have a pair of large horns on your
                  | head. [demonic ancestry]
  7498 | D:6      | Reached XP level 9. HP: 46/69 MP: 9/9
  7686 | D:6      | Bought a scroll labelled PUTIMO UHUN for 32 gold pieces
  7800 | D:2      | Bought a potion of curing for 36 gold pieces
  7800 | D:2      | Bought a potion of curing for 36 gold pieces
  8012 | D:7      | Reached skill level 8 in Long Blades
  8012 | D:7      | Reached skill level 1 in Stealth
  8237 | D:7      | Reached skill level 1 in Evocations
  8404 | D:7      | Reached skill level 9 in Long Blades
  9429 | D:8      | Reached XP level 10. HP: 46/79 MP: 10/10
  9836 | D:8      | HP: 4/120 [orc/+0 trident (4)]
 10253 | D:8      | Reached skill level 10 in Long Blades
 10261 | D:8      | Reached skill level 5 in Shields
 10455 | D:8      | Found a hide-covered altar of Uskayaw.
 10455 | D:8      | Found a burning altar of Makhleb.
 10465 | D:8      | Found a broken altar of Ashenzari.
 10467 | D:8      | Found a radiant altar of Vehumet.
 10561 | D:8      | Became a worshipper of Makhleb the Destroyer
 10668 | D:9      | Noticed a two-headed ogre
 10669 | D:9      | Paralysed by a hornet for 2 turns
 10679 | D:8      | Paralysed by a hornet for 2 turns
 11291 | D:9      | Noticed Psyche
 11327 | D:9      | Killed Psyche
 11340 | D:9      | Reached skill level 11 in Long Blades
 11771 | D:9      | Reached XP level 11. HP: 38/87 MP: 11/11
 12072 | D:9      | Killed a two-headed ogre
 12219 | D:9      | Reached * piety under Makhleb
 12728 | D:6      | Bought a glowing scale mail for 224 gold pieces
 12893 | D:10     | Entered Level 10 of the Dungeon
 13054 | D:10     | Noticed a two-headed ogre
 13066 | D:10     | Killed a two-headed ogre
 13561 | D:10     | Reached skill level 12 in Long Blades
 13632 | D:10     | Noticed a two-headed ogre
 13643 | D:10     | Killed a two-headed ogre
 14230 | D:10     | Reached ** piety under Makhleb
 14451 | D:10     | Reached skill level 10 in Fighting
 14629 | D:10     | Found a staircase to the Lair.
 15029 | D:6      | Bought a potion of curing for 96 gold pieces
 15125 | Lair:1   | Entered Level 1 of the Lair of Beasts
 15301 | Lair:1   | Reached skill level 1 in Invocations
 15322 | Lair:1   | HP: 2/90 [poisoned by a black mamba]
 15322 | Lair:1   | Slain by a black mamba

Illustrated notes

Levels and vault maps discovered:
D:1:      lemuel_arrival_rhombus, layout_basic,
          hellmonk_ecumenical_altar_run_dry, minmay_tetromino_l4
D:2:      layout_loops_corners, serial_shops, nicolae_shop_statue_plus
D:3:      layout_basic
D:4:      layout_loops_corners, gammafunk_ghost_necromancy, uniq_pikel
D:5:      layout_basic, uniq_ijyb
D:6:      layout_basic, minmay_temple_entry_proselytizer, serial_shops, shop,
          amcnicky_mini_corridor_feature, grunt_decor_clamped,
          kb_lookout_dungeons_type, kennysheep_pointless_box, minmay_pentangle
D:7:      layout_loops_ring
D:8:      layout_rooms, chequers_temple_overflow_minitemple, special_room
          [special_room_orc], minmay_misc_feat_more_columns,
          chequers_serial_rivers_large_b, hangedman_decor_lopped
D:9:      layout_loops_ring, hangedman_tell_no_tales, uniq_psyche
D:10:     layout_small_grid, erik_lair_dragon, dreamdust_gnoll_shepherd
Temple:   minmay_temple_bridge_d
Lair:1:   layout_small_grid, uniq_grum

Skill      XL: |  1  2  3  4  5  6  7  8  9 10 11 |
---------------+----------------------------------+-----
Dodging        | 3 4 |  4.0
Long Blades    | 3 5 6 7 9 11 12 | 12.7
Fighting       | 3 4 5 6 7 8 10 | 10.0
Shields        | 2 3 4 6 7 |  7.6
Armour         | 2 |  2.0
Stealth        | 2 |  2.0
Evocations     | 2 |  2.0
Throwing       | 2 |  2.0
Invocations    | 1 |  1.6

Action                   |  1- 3 |  4- 6 |  7- 9 | 10-12 || total
-------------------------+-------+-------+-------+-------++-------
Melee: Long sword        |    95 |    57 |   309 |       ||   461
       Punch             |     2 |       |       |       ||     2
       Headbutt          |    10 |     7 |    92 |   110 ||   219
       Scimitar          |       |       |    62 |   487 ||   549
Throw: Javelin           |       |     1 |       |       ||     1
       Throwing net      |       |     1 |       |       ||     1
       Boomerang         |       |       |    14 |    39 ||    53
       Dart              |       |       |       |     3 ||     3
Evoke: Wand              |       |       |       |     2 ||     2
  Use: Scroll            |     5 |     3 |     6 |     4 ||    18
       Potion            |       |     1 |       |     4 ||     5
 Stab: Sleeping          |     1 |     1 |     2 |       ||     4
Armor: Leather armour    |    24 |     6 |       |       ||    30
       Robe              |       |     3 |    16 |       ||    19
       Scale mail        |       |       |    55 |   126 ||   181
       Ring mail         |       |       |     7 |       ||     7
Dodge: Dodged            |    55 |    25 |   138 |   109 ||   327
Block: Other             |     4 |       |       |       ||     4
       Buckler           |     3 |    25 |   223 |    85 ||   336
       Kite shield       |       |       |       |   250 ||   250

Table legend: (Time is in decaauts)
 A = Elapsed time spent in this place.
 B = Non-inter-level travel time spent in this place.
 C = Inter-level travel time spent in this place.
 D = Time resting spent in this place.
 E = Time spent auto-exploring this place.
 F = Levels seen in this place.
 G = Mean time per level.
                   A        B        C        D        E       F      G
               +--------+--------+--------+--------+--------+-----+--------+
         Total |  15435 |  13436 |   1999 |   3124 |   7467 |  12 | 1286.2 |
       Dungeon |  14936 |  12947 |   1989 |   3124 |   7055 |  10 | 1493.6 |
        Temple |    304 |    295 |      9 |      0 |    281 |   1 |  304.0 |
          Lair |    194 |    194 |      0 |      0 |    131 |   1 |  194.0 |
               +--------+--------+--------+--------+--------+-----+--------+

Top non-repeatable levels by time:
     D:9: 2150 daAuts
     D:6: 2065 daAuts
     D:4: 1771 daAuts
    D:10: 1745 daAuts
     D:2: 1640 daAuts
     D:8: 1585 daAuts
     D:7: 1364 daAuts
     D:1: 1208 daAuts
     D:5: 707 daAuts
     D:3: 696 daAuts
  Temple: 304 daAuts
  Lair:1: 194 daAuts
